 Dungeon Crawl Stone Soup version 0.31-a0-1082-g7d1fb776a8 (webtiles) character file.

Game seed: 1375309959712757696

89 Flugslaktarn the Changeling (level 4, -1/29 HPs)
             Began as an Octopode Shapeshifter on Nov 28, 2023.
             Slain by an orc wizard
             ... wielding a +0 dagger
              (3 damage)
             ... on level 3 of the Dungeon.
             The game lasted 00:00:51 (2292 turns).

Flugslaktarn the Changeling (Octopode Shapeshifter) Turns: 2292, Time: 00:00:51

Health: -1/29      AC:  1    Str: 13    XL:     4   Next: 55%
Magic:  4/4        EV: 13    Int: 12    God:
Gold:   172        SH:  0    Dex: 13    Spells: 3/3 levels left

rFire   . .          .
                       - Unarmed
rCold   . . .        (no shield)
rNeg    . . .        (helmet currently unavailable)
rPois   .            (no amulet)
rElec   .            (no ring)
rCorr   .            (no ring)
SInv    .            (no ring)
Will    .....        (no ring)
Stlth   ++           (no ring)
HPRegen 0.24/turn    (no ring)
MPRegen 0.09/turn    (no ring)
                     (no ring)

%: no passive effects
@: confused, beast-form
A: beast (slay +2), almost no armour, amphibious, 8 rings, camouflage 1,
gelatinous body 1, (nimble swimmer 1), tentacles
a: Begin Untransformation


You were on level 3 of the Dungeon.
You were a hulking beast.
You visited 1 branch of the dungeon, and saw 3 of its levels.

You collected 172 gold pieces.

Inventory:

Jewellery
 o - a ring of poison resistance
   (You found it on level 1 of the Dungeon)
 p - an amulet of magic regeneration
   (You found it on level 2 of the Dungeon)
Talismans
 b - a beast talisman
 c - a flux talisman
Scrolls
 d - 5 scrolls of identify {unknown}
 e - a scroll of poison {unknown}
 f - a scroll of fear {unknown}
 g - 5 scrolls of noise {unknown}
 j - a scroll of blinking {unknown}
 q - a scroll of teleportation {unknown}
 r - a scroll of enchant armour {unknown}
Potions
 a - 2 potions of lignification
 h - a potion of attraction {unknown}
 i - a potion of haste {unknown}
 k - a potion of resistance {unknown}
 l - 2 potions of degeneration {unknown}
 m - a potion of might {unknown}
 n - a potion of berserk rage {unknown}


   Skills:
 + Level 2.2 Fighting
 - Level 2.0 Dodging
 + Level 3.6 Unarmed Combat
 * Level 4.0 Shapeshifting


You had 3 spell levels left.
You didn't know any spells.
Your spell library was empty.

Dungeon Overview and Level Annotations

Branches:
Dungeon (3/15)

Altars:
Fedhas


Innate Abilities, Weirdness & Mutations

You are a hulking beast.
Your limbs bulge with bestial killing power. (Slay +2)
You cannot wear most types of armour.
You are amphibious.
You can wear up to eight rings at the same time.
Your skin changes colour to match your surroundings (Stealth+).
Your rubbery body absorbs attacks. (AC +1, EV +1)
((You are camouflaged when in or above water. (Stealth+)))
You have tentacles for arms and can constrict up to eight enemies at once.


Message History

No target in view!
Found a stone staircase leading down.
No target in view!
Found a leather armour.
Found a flail.
There is a stone staircase leading down here.
No target in view!
No target in view!
No target in view!
No target in view!
You open the door.
There is an open door here.
Found a stone staircase leading up.
You open the door.
There is an open door here.
An orc and an orc wizard come into view.
There are monsters nearby!
An orc comes into view. It is wielding a +0 whip.
The orc wizard shouts!
The orc shouts!
You tentacle-slap the orc. You grab the orc.
The orc is moderately wounded.
You constrict the orc. The orc misses you.
You tentacle-slap the orc.
You kill the orc!
An orc comes into view. It is wielding a +0 flail.
The orc shouts!
You see here a +0 falchion.
You closely miss the orc. You grab the orc. You squeeze the orc!
You kill the orc!
The orc wizard gestures at you while chanting.
You are confused.
You are too confused!
You are too confused!
You are too confused!
You are too confused!
You tentacle-slap the orc.
You kill the orc!
The orc wizard casts a spell at you.
You are more confused.
You are too confused!
The orc wizard hits you with a +0 dagger.
Items here: )) ††.
You are too confused!
You tentacle-slap the orc wizard. Your squeeze misses the orc wizard.
The orc wizard is moderately wounded.
The orc wizard barely misses you.
You are too confused!
You bump into the rock wall.
The orc wizard closely misses you.
You are too confused!
The orc wizard closely misses you.
You are too confused!
You tentacle-slap the orc wizard but do no damage.
The orc wizard is moderately wounded.
The orc wizard closely misses you.
You are too confused!
You bump into the rock wall.
The orc wizard casts a spell at you.
You are more confused.
You are too confused!
The orc wizard barely misses you.
Items here: )) ††.
You are too confused!
You tentacle-slap the orc wizard.
The orc wizard is heavily wounded.
The orc wizard casts a spell.
The orc wizard flickers and vanishes!
Deactivating autopickup; reactivate with Ctrl-A.
You are too confused!
You bump into the rock wall.
Something hits you.
You are too confused!
You are too confused!
You're too confused to move!
Something hits you.
You barely miss something.
You hear some strange, mumbled words.
A puff of flame appears from out of thin air!
The puff of flame misses you.
You are too confused!
You completely miss something. Something barely misses you.
You are too confused!
You bump into the rock wall.
Something hits you.
You are too confused!
You miss something. Something hits you.
You are too confused!
You bump into the rock wall.
Something hits you.
You barely miss something. Something hits you but does no damage.
Something barely misses you.
You're too confused to move!
You hear some strange, mumbled words.
You are more confused.
You bump into the rock wall.
You hear some strange, mumbled words.
A magic dart appears from out of thin air!
The magic dart hits you.
You bump into the rock wall.
Something hits you.
* * * LOW HITPOINT WARNING * * *
You bump into the rock wall.
Something hits you.
* * * LOW HITPOINT WARNING * * *
You're too confused to move!
Something hits you.
You die...

#.............
######.............
#....'............<
#.####.............
#.#................
#.#.#.#..#'#######.
#)#............# ##
#)###.####.###.#
#{h.#......# #.# ##
###.#####.[# #.###.
.# #..###..... .#
#.>........ .#
#.###...... .. #)#
#.##### .. #.# #.#
.. #.# #.# #.. ...


There were no monsters in sight!

Vanquished Creatures
  3 adders
  4 worms (D:2)
  A dart slug (D:1)
  3 orcs (D:3)
  4 ball pythons
  4 endoplasms
  2 giant cockroaches
  5 goblins
  5 hobgoblins
  2 jackals (D:1)
  2 kobolds
  4 bats
  3 frilled lizards
  3 rats
45 creatures vanquished.

Notes
Turn   | Place    | Note
-------+----------+-------------------------------------------
     0 | D:1      | Flugslaktarn the Octopode Shapeshifter began the quest for
                  | the Orb.
     0 | D:1      | Reached XP level 1. HP: 13/13 MP: 1/1
     2 | D:1      | Noticed a spriggan
     2 | D:1      | Noticed a formicid
     4 | D:1      | Noticed a tengu
     6 | D:1      | Noticed an octopode
     6 | D:1      | Noticed a gargoyle
     8 | D:1      | Noticed a vine stalker
    12 | D:1      | Noticed a felid
    12 | D:1      | Noticed a draconian
    14 | D:1      | Noticed a merfolk
    14 | D:1      | Noticed a troll
    16 | D:1      | Noticed a minotaur
    16 | D:1      | Noticed a ghoul
    18 | D:1      | Noticed a demonspawn
    18 | D:1      | Noticed an elf
    20 | D:1      | Noticed an ogre
    22 | D:1      | Noticed a vampire
    22 | D:1      | Noticed an armataur
    24 | D:1      | Noticed a demigod
    24 | D:1      | Noticed a naga
    26 | D:1      | Noticed a draconian
    26 | D:1      | Noticed a human
    28 | D:1      | Noticed a merfolk
    28 | D:1      | Noticed a human
   103 | D:1      | Reached XP level 2. HP: 10/18 MP: 2/2
   527 | D:1      | Reached XP level 3. HP: 23/23 MP: 3/3
  1345 | D:2      | Reached XP level 4. HP: 26/29 MP: 4/4
  1852 | D:3      | Found a blossoming altar of Fedhas.
  1874 | D:3      | Found a faded altar of an unknown god.
  1972 | D:3      | Reached skill level 4 in Shapeshifting
  2292 | D:3      | Slain by an orc wizard

Illustrated notes

Levels and vault maps discovered:
D:1:      kb_arrival_jail, layout_loops_ring
D:2:      layout_loops_ring, chequers_serial_rivers_micro_c, minmay_hedge_maze,
          hex_medium, nicolae_concentric_dashed_squares_wild
D:3:      layout_basic, fedhas_altar_fruit_tree, ebering_ecumenical_altar_box,
          lightli_corner_chamber

Skill      XL: |  1  2  3  4 |
---------------+-------------+-----
Fighting       | 2 |  2.2
Shapeshifting  | 4 |  4.0
Dodging        | |  2.0
Unarmed Combat | |  3.6

Action                     |  1- 3 |  4- 6 || total
---------------------------+-------+-------++-------
  Melee: Unarmed           |    70 |    28 ||    98
         Tentacles         |    15 |     6 ||    21
         Constrict         |    15 |     8 ||    23
         Punch             |     1 |       ||     1
   Stab: Sleeping          |     9 |     1 ||    10
 Armour: Skin              |    17 |    20 ||    37
  Dodge: Dodged            |    29 |    18 ||    47

Table legend: (Time is in decaauts)
 A = Elapsed time spent in this place.
 B = Non-inter-level travel time spent in this place.
 C = Inter-level travel time spent in this place.
 D = Time resting spent in this place.
 E = Time spent auto-exploring this place.
 F = Levels seen in this place.
 G = Mean time per level.
                   A        B        C        D        E       F      G
               +--------+--------+--------+--------+--------+-----+--------+
         Total |   2285 |   2171 |    114 |      0 |   1870 |   3 |  761.7 |
       Dungeon |   2285 |   2171 |    114 |      0 |   1870 |   3 |  761.7 |
               +--------+--------+--------+--------+--------+-----+--------+

Top non-repeatable levels by time:
     D:2: 896 daAuts
     D:1: 799 daAuts
     D:3: 588 daAuts
